Map: Lightshade LE

Players

Seither - Winner!

  • Race: Terran Terran
  • League: Grandmaster
  • Spawn Location: 5:00

EnDerr

  • Race: Zerg Zerg
  • Spawn Location: 11:00

Event: DreamHack SC2 Masters 2020 Winter

VOD

Have the link to the VOD?

Description

Time

  • Played on: Oct. 25, 2020, 6:59 a.m.
  • Length: 14:11

All games in this series

Show
View Real Time Build Order
Export as new Build Order

Seither Terran - Winner!

Build Orders: Reaper Expand, Hellion Banshee 

Get SALT Encoding   

  12  0:00  SCV  
  13  0:12  SCV  
  14  0:17  Supply Depot  
  14  0:24  SCV  
  15  0:38  SCV  
  15  0:41  Barracks  
  16  0:43  Refinery  
  16  0:51  SCV  
  17  1:03  SCV  
  18  1:15  SCV  
  19  1:28  Orbital Command  
  19  1:29  Reaper  
  20  1:40  Command Center  
  20  1:50  Supply Depot  
  20  1:54  SCV  
  20  2:01  Marine  
  21  2:06  SCV  
  23  2:09  Factory  
  23  2:19  SCV  
  23  2:22  Barracks Reactor  
  24  2:31  SCV  
  25  2:43  SCV  
  26  2:46  Command Center  
  26  2:53  Orbital Command  
  26  2:56  SCV  
  27  3:04  Starport  
  27  3:10  SCV, Refinery  
  28  3:14  Hellion  
  28  3:18  Hellion  
  32  3:23  SCV  
  32  3:24  SCV  
  34  3:29  Barracks Tech Lab  
  34  3:36  SCV x2  
  35  3:44  Hellion x2  
  35  3:48  SCV x2  
  40  4:00  SCV x2  
  40  4:02  Orbital Command, Banshee  
  42  4:10  Hellion x2  
  42  4:15  SCV x2  
  48  4:18  Barracks Tech Lab  
  48  4:27  SCV x2  
  48  4:28  Supply Depot  
  48  4:30  Orbital Command  
  50  4:36  Marine, Stimpack  
  51  4:39  SCV x2  
  53  4:48  Barracks x2  
  53  4:52  SCV x2  
  55  4:53  Supply Depot  
  55  4:57  SCV  
  55  4:58  Starport Reactor  
  55  4:59  Marine  
  57  5:01  Siege Tank  
  57  5:05  SCV x2  
  62  5:10  Engineering Bay x2  
  62  5:12  Refinery  
  62  5:14  SCV, Refinery  
  62  5:17  Marine, SCV x2  
  62  5:20  Supply Depot  
  66  5:23  Supply Depot  
  66  5:26  SCV  
  67  5:29  SCV  
  67  5:33  SCV  
  67  5:35  Marine  
  70  5:38  SCV  
  70  5:39  Siege Tank  
  71  5:49  Terran Infantry Armor Level 1, Terran Infantry Weapons Level 1  
  70  5:50  SCV x2  
  70  5:55  Starport Reactor  
  67  5:57  Marine x4  
  67  6:03  Marine  
  61  6:12  SCV x2, Supply Depot  
  61  6:15  Marine x4  
  61  6:18  Orbital Command  
  67  6:25  Siege Tank, Marine  
  71  6:28  SCV  
  71  6:29  SCV  
  71  6:30  Barracks x2  
  73  6:33  Marine  
  73  6:36  Medivac  
  73  6:37  Marine  
  73  6:38  Marine  
  78  6:45  SCV x3  
  81  6:55  Marine x2  
  81  6:57  SCV x2  
  81  6:58  Combat Shield, Marine x2  
  87  7:03  SCV  
  87  7:04  Armory  
  87  7:05  Supply Depot x2  
  87  7:07  Marine  
  89  7:09  SCV x2  
  89  7:11  Medivac x2  
  89  7:13  Marine  
  96  7:18  Siege Tank  
  96  7:20  SCV  
  96  7:21  SCV  
  96  7:22  Refinery  
  101  7:27  SCV  
  101  7:28  Supply Depot  
  101  7:29  Marine x3, Barracks Reactor x2  
  104  7:30  Marine, Supply Depot  
  104  7:32  SCV  
  104  7:33  SCV  
  108  7:38  Marine  
  108  7:39  SCV, Supply Depot  
  110  7:47  Marine x2  
  110  7:48  Marine x2  
  110  7:49  Medivac x2  
  118  7:51  Refinery  
  118  7:53  Supply Depot  
  118  7:57  Supply Depot  
  118  8:01  Command Center  
  118  8:05  Siege Tank  
  121  8:06  SCV x3  
  121  8:09  Terran Infantry Weapons Level 2  
  121  8:10  Marine x6  
  121  8:11  Marine  
  131  8:18  SCV x2  
  133  8:21  Supply Depot  
  133  8:22  Terran Infantry Armor Level 2, Supply Depot  
  133  8:36  Marine x3  
  133  8:37  Marine x5  
  133  8:40  SCV  
  133  8:41  SCV, Siege Tank  
  134  8:50  Marine  
  134  8:52  Terran Vehicle Weapons Level 1  
  134  8:54  Marine x3  
  138  9:01  SCV x3  
  140  9:03  Marine x2  
  140  9:08  Supply Depot  
  142  9:10  Factory, Barracks x3  
  142  9:20  Sensor Tower  
  142  9:24  Marine x3, Marauder  
  142  9:26  Siege Tank, Medivac x2  
  154  9:34  SCV  
  154  9:35  SCV x2  
  154  9:37  Marine  
  154  9:38  Marine x2  
  160  9:44  Supply Depot  
  160  9:46  Marauder  
  160  9:47  SCV x2, Sensor Tower  
  160  9:51  Planetary Fortress  
  164  9:58  Barracks Tech Lab x3  
  164  9:59  Factory Reactor  
  164  10:01  SCV  
  164  10:02  SCV  
  164  10:05  Marine x5  
  164  10:06  Marine, Supply Depot  
  174  10:07  Marauder  
  174  10:09  Siege Tank  
  174  10:10  Medivac x2  
  181  10:15  SCV x3  
  181  10:19  Refinery, Drilling Claws  
  181  10:20  Refinery  
  181  10:21  Marauder x2  
  188  10:31  Concussive Shells, Marine x2, Marauder x2  
  194  10:42  Marine, Marauder x2  
  198  10:43  Terran Infantry Weapons Level 3  
  198  10:44  Marine x2  
  200  10:50  Command Center  
  200  10:53  Terran Infantry Armor Level 3  
  190  11:07  Marauder, Marine  
  190  11:08  Marauder x3, Marine x2  
  190  11:09  Marine x2  
  153  11:33  Marauder x4, Marine x7  
  153  11:34  Marine  
  153  11:35  Widow Mine x3, Medivac x2  
  167  11:51  Marine x6  
  166  11:54  Marauder x3  
  166  11:59  Marine x2, Marauder  
  166  12:00  Widow Mine x3  
  178  12:05  Medivac x2  
  180  12:08  Marine  
  180  12:09  Marine  
  180  12:14  Marine x4  
  188  12:15  Marauder  
  188  12:16  Marauder x2  
  188  12:19  Ghost Academy  
  188  12:20  Marauder  
  188  12:21  SCV x2  
  188  12:22  SCV x2  
  198  12:33  SCV  
  200  12:37  Marauder  
  200  12:42  Marine  
  200  12:43  Marine, Marauder  
  198  12:52  Medivac, Barracks  
  198  12:53  Barracks, Planetary Fortress  
  198  12:57  Sensor Tower  
  198  12:58  Missile Turret  
  200  13:10  Command Center  
  195  13:29  Marine x5, Marauder  
  195  13:30  Marauder x2  
  195  13:31  Widow Mine x2  
  195  13:32  Medivac  
  178  13:43  Marine x4, Marauder  
  178  13:45  Barracks Tech Lab  
Show
View Real Time Build Order
Export as new Build Order

EnDerr Zerg 

Build Orders: Hatch First 

Get SALT Encoding   

  12  0:00  Drone  
  13  0:12  Overlord  
  13  0:17  Drone  
  14  0:31  Drone  
  14  0:32  Drone  
  16  0:49  Hatchery  
  15  0:53  Drone  
  16  0:57  Drone  
  16  1:00  Drone  
  18  1:11  Extractor  
  18  1:15  Spawning Pool  
  18  1:18  Drone  
  17  1:25  Drone  
  17  1:29  Drone  
  19  1:42  Drone  
  20  1:50  Drone  
  21  2:02  Queen x2  
  21  2:03  Overlord  
  21  2:04  Drone  
  26  2:12  Metabolic Boost  
  26  2:16  Drone x2  
  28  2:24  Drone x2  
  28  2:28  Spore Crawler  
  29  2:32  Spore Crawler  
  29  2:35  Extractor  
  27  2:39  Spore Crawler  
  27  2:41  Drone  
  28  2:49  Hatchery  
  30  2:58  Zergling x8  
  33  3:00  Zergling x2  
  34  3:09  Overlord  
  34  3:13  Zergling x2  
  34  3:15  Zergling x2  
  36  3:30  Drone x4  
  36  3:32  Drone  
  41  3:37  Drone  
  41  3:44  Drone  
  41  3:45  Drone  
  40  3:52  Drone  
  41  3:56  Drone  
  41  3:59  Drone x2  
  43  4:04  Overlord  
  43  4:09  Drone x2  
  43  4:11  Queen x2  
  43  4:16  Lair  
  46  4:20  Zergling x6  
  46  4:21  Roach Warren  
  48  4:24  Spore Crawler, Zergling x2  
  48  4:25  Zergling x2  
  48  4:29  Spore Crawler  
  48  4:33  Spore Crawler  
  48  4:34  Zergling x2  
  48  4:36  Drone x3  
  51  4:39  Drone x2  
  51  4:43  Drone x2  
  51  4:44  Drone  
  56  4:54  Evolution Chamber, Drone  
  56  4:56  Evolution Chamber  
  56  4:59  Drone x3  
  58  5:13  Overlord x3  
  58  5:20  Overlord  
  58  5:22  Zerg Ground Armor Level 1, Zerg Missile Weapons Level 1  
  58  5:24  Extractor  
  58  5:25  Extractor  
  54  5:33  Zergling x4  
  54  5:34  Drone x3  
  52  5:36  Drone  
  52  5:37  Drone  
  52  5:38  Drone  
  52  5:39  Drone x2  
  52  5:41  Drone  
  52  5:42  Drone x2  
  55  5:44  Drone  
  55  5:49  Drone  
  54  5:50  Drone  
  54  5:53  Drone  
  54  5:55  Drone  
  47  6:03  Drone  
  45  6:04  Drone  
  45  6:05  Drone  
  45  6:06  Drone  
  45  6:08  Drone  
  49  6:13  Drone  
  49  6:14  Drone x2  
  52  6:21  Glial Reconstitution  
  52  6:26  Drone  
  52  6:27  Drone x2  
  52  6:30  Roach x2  
  59  6:33  Roach  
  59  6:35  Drone  
  62  6:44  Drone x4  
  62  6:45  Drone  
  66  6:51  Drone x4  
  69  6:59  Drone x5  
  69  7:00  Drone  
  72  7:02  Drone  
  72  7:05  Drone  
  72  7:06  Drone  
  75  7:10  Overlord  
  75  7:11  Overlord  
  75  7:18  Extractor  
  75  7:19  Overlord x2  
  75  7:22  Drone x2  
  76  7:23  Extractor  
  76  7:24  Drone  
  76  7:25  Extractor  
  76  7:28  Ravager x3  
  78  7:32  Drone x2  
  78  7:33  Drone  
  78  7:35  Drone x3  
  84  7:39  Roach x2  
  84  7:40  Roach x2  
  84  7:42  Roach  
  93  7:46  Roach x2  
  99  7:51  Roach x3  
  99  7:53  Roach  
  99  7:55  Roach  
  106  8:02  Roach x4  
  106  8:03  Overlord  
  114  8:12  Baneling Nest  
  113  8:28  Roach x3  
  113  8:29  Ravager x3  
  113  8:31  Hatchery, Ravager  
  113  8:32  Ravager x2  
  118  8:35  Roach  
  118  8:36  Roach  
  118  8:39  Roach  
  116  8:42  Roach  
  116  8:44  Zergling x2  
  116  8:45  Zergling x2  
  116  8:46  Zergling x12  
  122  8:48  Overlord x3  
  122  9:00  Centrifical Hooks  
  122  9:01  Zerg Ground Armor Level 2  
  122  9:03  Zerg Melee Weapons Level 1  
  122  9:06  Drone, Extractor  
  122  9:07  Drone  
  123  9:15  Drone x3  
  126  9:20  Overlord x3  
  127  9:24  Ravager x2  
  127  9:29  Zergling x10  
  127  9:30  Zergling x2  
  134  9:38  Drone  
  135  9:43  Drone  
  135  9:44  Drone x2  
  138  9:45  Spore Crawler  
  138  9:47  Drone  
  138  9:50  Zergling x2  
  138  9:51  Infestation Pit  
  138  9:53  Baneling x10  
  138  9:54  Ravager x3  
  138  9:56  Drone  
  138  9:57  Drone x10  
  147  10:02  Spore Crawler  
  146  10:13  Drone x2  
  148  10:18  Overlord x2  
  148  10:19  Zergling x10  
  153  10:24  Pneumatized Carapace  
  153  10:26  Hatchery  
  153  10:28  Zergling x10  
  153  10:29  Zergling x2  
  153  10:31  Baneling x4  
  153  10:32  Baneling  
  153  10:33  Zergling x4  
  160  10:36  Zergling x4  
  160  10:39  Hive  
  160  10:41  Zergling x2  
  163  10:47  Overlord  
  163  10:48  Zergling x6  
  166  10:50  Zergling x2  
  166  10:54  Zergling x4  
  166  10:56  Zergling x2  
  170  10:59  Zergling x2  
  170  11:00  Baneling x4  
  170  11:01  Baneling x20  
  170  11:03  Zergling x2  
  168  11:06  Zergling x4  
  168  11:07  Zergling x2  
  168  11:08  Zergling x10  
  168  11:09  Zergling x2  
  168  11:10  Zergling x2  
  173  11:12  Zergling x2  
  167  11:19  Zergling x8  
  167  11:21  Zergling x2  
  138  11:28  Drone x11  
  147  11:37  Drone x2  
  149  11:42  Zergling x2  
  150  11:47  Extractor  
  150  11:49  Zergling x8  
  151  11:57  Adrenal Glands  
  151  12:00  Spire  
  149  12:15  Drone x3, Extractor  
  151  12:16  Viper x2  
  151  12:18  Zergling x6  
  151  12:19  Zergling x2  
  151  12:21  Zergling x4  
  162  12:24  Zergling x4  
  162  12:28  Zergling x2  
  165  12:31  Hatchery  
  162  12:40  Zergling x2  
  151  12:52  Baneling x3  
  151  12:53  Baneling x9, Zergling x14, Ultralisk Cavern  
  151  12:54  Zergling x10  
  151  12:57  Queen  
  164  12:58  Zergling x2  
  164  13:00  Zergling x2  
  164  13:02  Zergling x4  
  168  13:08  Drone x4  
  168  13:09  Overlord  
  172  13:15  Overseer  
  158  13:21  Zergling x2  
  134  13:28  Zergling x12  
  134  13:31  Zergling x2  
  134  13:32  Zergling x4  
  113  13:35  Zergling x2  
  113  13:38  Zergling x12  
  113  13:46  Zergling x4  
Tags
 
Add a new tag
Caveats
  • Supply blocks, unpowered buildings, or Contaminate may cause inaccurate times.
  • Supply counts are checked every 10 seconds.